cohdb
Replays
Latest Replays
All Replays
Popular Replays
Top Player Replays
Match Explorer
How It Works
Community
CoH3 Stats
Reddit
Sign in to upload your games and track your stats! →
Sign in with Steam
Match 39012203
Unlisted
Match 39012203
Overview
Messages
Build Orders
End
Construct Barracks
Construct Barracks
Riflemen Squad
Riflemen Squad
1⁄4-ton 4x4 Truck
Selects Armored Battlegroup
Selects Veteran Crews
M1 Mortar Team
Riflemen Squad
Construct Medical Station
Mechanized Support Center
M1918 Browning Automatic Rifles
Construct Weapon Support Center
M1919 Machine Gun Team
Engineer Squad
M1919 Machine Gun Team
Construct Tank Depot
Selects Fast Deploy
Selects M8 Scott SPG
Selects UNKNOWN (2160077)
Selects M31 Recovery Vehicle
M4A3E8 Sherman Easy Eight
Designate Forward Repair Station
M4A3E8 Sherman Easy Eight
Rapid Repairs
Bruistablet
Professor gibberish
Köfter_Frostberry
Dürüm_Mehr Kübel Wagen
0
0
Comments
sign in to comment!
No comments posted yet!